 Dungeon Crawl Stone Soup version 0.29.1-debian-1-gc3f1650bb9 (webtiles) character file.

Game seed: 2276296699041764067

7 MisterAzrael the Magician (level 2, -1/22 HPs)
             Began as a Djinni Hedge Wizard on Sept 12, 2022.
             Slain by a dart slug (3 damage)
             ... on level 1 of the Dungeon.
             The game lasted 00:01:06 (291 turns).

MisterAzrael the Magician (Djinni Hedge Wizard)      Turns: 291, Time: 00:01:07

Health: -1/22      AC:  2    Str:  9    XL:     2   Next: 5%
Gold:   0          EV: 12    Int: 15    God:
                   SH:  0    Dex: 12

rFire   + + .      SeeInvis .   a - +0 dagger
rCold   x . .      Faith    .   d - orb {mayhem}
rNeg    . . .      Spirit   .   b - +0 robe
rPois   ∞          Reflect  .   c - +0 hat
rElec   .          Harm     .   (no cloak)
rCorr   .          Rampage  .   (no gloves)
Will    .....                   (boots unavailable)
Stlth   ++........              (no amulet)
HPRegen 0.07/turn               (no ring)
MPRegen 0.00/turn               (no ring)

@: on blink cooldown, flying
A: sickness immunity, fire resistance 2, cold vulnerability 1, float, innate
caster, HP casting, extra vitality 1
a: no special abilities


You were on level 1 of the Dungeon.
You visited 1 branch of the dungeon, and saw 1 of its levels.

Inventory:

Hand Weapons
 a - a +0 dagger (weapon)
Armour
 b - a +0 robe (worn)
 c - a +0 hat (worn)
 d - an orb of mayhem (worn)


   Skills:
 + Level 1.0 Fighting
 - Level 2.1 Dodging
 - Level 1.5 Stealth
 + Level 2.6 Spellcasting


You couldn't memorise any spells.
You knew the following spells:

 Your Spells              Type           Power      Damage    Failure   Level
a - Magic Dart            Conj           36%        1d4       7%          1
b - Slow                  Hex            36%        N/A       7%          1
c - Blink                 Tloc           18%        N/A       11%         2
d - Call Imp              Summ           9%         N/A       11%         2
e - Cigotuvi's Dreadful   Necr/Pois/Air  18%        N/A       11%         2
f - Mephitic Cloud        Conj/Pois/Air  9%         N/A       22%         3
Your spell library was empty.

Dungeon Overview and Level Annotations

Branches:
Dungeon (1/15)

Altars:


Innate Abilities, Weirdness & Mutations

You are immune to sickness and miasma.
You are immune to poison.
Your flesh is very heat resistant. (rF++)
You are vulnerable to cold. (rC-)
You float through the air rather than walking.
You learn spells naturally, not from books.
Your magical power is your life essence.
You have superior vitality. (+4 MHP)


Message History

Aim: a dart slug (fast, strong, frenzied and insane, 100% to hit)
The magic dart hits the dart slug.
The dart slug is lightly wounded.
Aiming: Magic Dart (safe; 7% risk of failure)
Press: ? - help, Q - select action, (/) - cycle Shift-Dir - straight line, f/p - dart slug
Aim: a dart slug (lightly wounded, fast, strong, frenzied and insane, 100% to hit)
You miscast Magic Dart.
You are very lightly contaminated with residual magic.
Nothing appears to happen.
The dart slug barely misses you. The dart slug attacks as you move away!
The dart slug bites you.
* * * LOW HITPOINT WARNING * * *
Unknown command.
Aiming: Magic Dart (safe; 7% risk of failure)
Press: ? - help, Q - select action, (/) - cycle Shift-Dir - straight line, f/p - dart slug
Aim: a dart slug (lightly wounded, fast, strong, frenzied and insane, 100% to hit)
The magic dart hits the dart slug.
The dart slug is heavily wounded.
* * * LOW HITPOINT WARNING * * *
The dart slug closely misses you.
Casting: Magic Dart (safe; 7% risk of failure)
Confirm with . or Enter, or press ? or * to list all spells.
Okay, then.
Casting: Magic Dart (safe; 7% risk of failure)
Confirm with . or Enter, or press ? or * to list all spells.
You blink.
* * * LOW HITPOINT WARNING * * *
Your magical contamination has completely faded away.
Casting: Blink (safe; 11% risk of failure)
Confirm with . or Enter, or press ? or * to list all spells.
You are still too unstable to blink.
The dart slug attacks as you move away! The dart slug barely misses you.
You feel stable enough to blink again.
Casting: Blink (safe; 11% risk of failure)
Confirm with . or Enter, or press ? or * to list all spells.
You blink.
* * * LOW HITPOINT WARNING * * *
The dart slug misses you. The dart slug completely misses you.
The dart slug attacks as you move away! The dart slug bites you.
You die...

##'##.#####.#
#######...#######.##
#.'.'.'.<.'.+.'.....
#.#####...#######.#. #...#
##'## #..#..#. ########.#
#.# #..#.##. #........#
#+####.......
#####.#......#
#.#.....#.###
......#.....@####'#..####.#
........)#...w§......#
#.###
......#.....####.....#
#.... #####.......# #.....#
#..## ###.....## #######
#..## #......# #....
#.#.##.# ##.#. #.#.##.##
#.#. #.#....[## #...


You could see a neutral dart slug (fast, strong, insane).

Vanquished Creatures
  A ball python (D:1)
  2 giant cockroaches (D:1)
  A bat (D:1)
  2 goblins (D:1)
6 creatures vanquished.

Notes
Turn   | Place    | Note
-------+----------+-------------------------------------------
     0 | D:1      | MisterAzrael the Djinni Hedge Wizard began the quest for
                  | the Orb.
     0 | D:1      | MisterAzrael set off with the following spells memorised:
                  | Magic Dart, Slow, Blink, Call Imp, Cigotuvi's Dreadful Rot,
                  | Mephitic Cloud.
     0 | D:1      | Reached XP level 1. HP: 15/15 MP: 0/0
   272 | D:1      | Reached skill level 1 in Fighting
   272 | D:1      | Reached XP level 2. HP: 10/22 MP: 0/0
   291 | D:1      | Slain by a dart slug

Illustrated notes

Levels and vault maps discovered:
D:1:      minmay_arrival_doors, layout_loops_cross, serial_bayou_crossing

Skill      XL: |  1 |
---------------+----+-----
Fighting       | 1 |  1.0
Dodging        | |  2.1
Stealth        | |  1.5
Spellcasting   | |  2.6

Action                   || total
-------------------------++-------
 Cast: Magic Dart        ||    18
       Blink             ||     2
Armor: Robe              ||     1
Dodge: Dodged            ||     9
